 Dungeon Crawl Stone Soup version 0.29.0-4-gdea44cf6ec (webtiles) character file.

Game seed: 3219349586668997206

126 qw the Chopper (level 5, -1/30 HPs)
             Began as a Tengu Warper on Aug 28, 2022.
             Succumbed to a goblin's poison
             ... on level 3 of the Dungeon.
             The game lasted 00:00:15 (2757 turns).

qw the Chopper (Tengu Warper)                       Turns: 2757, Time: 00:00:16

Health: -1/30      AC:  5    Str: 13    XL:     5   Next: 9%
Magic:  9/9        EV: 13    Int: 13    God:
Gold:   188        SH:  0    Dex: 14    Spells: 8/8 levels left

rFire   . . .      SeeInvis .   Y - +0 war axe
rCold   . . .      Faith    .   (no shield)
rNeg    . . .      Spirit   .   d - +0 ring mail
rPois   .          Reflect  .   (helmet restricted)
rElec   .          Harm     .   h - scarf {repulsion}
rCorr   .          Rampage  .   (no gloves)
Will    .....                   (boots unavailable)
Stlth   +.........              (no amulet)
HPRegen 0.10/turn               (no ring)
MPRegen 0.11/turn               (no ring)

@: lethally poisoned (-1 -> -7), flying quickly and evasively, repel missiles,
quick
A: beak, talons 3, nimble flight
a: no special abilities


You were on level 3 of the Dungeon.
You visited 1 branch of the dungeon, and saw 3 of its levels.

You collected 188 gold pieces.


Innate Abilities, Weirdness & Mutations

You have a beak for a mouth.
You have claws for feet.
Your magical nature lets you fly swiftly and evasively.


   Skills:
 - Level 2.0 Fighting
 + Level 5.6 Axes
 - Level 1.0 Throwing
 - Level 1.1 Armour
 - Level 2.1 Dodging
 - Level 2.0 Spellcasting
 - Level 2.4 Translocations


You had 8 spell levels left.
You didn't know any spells.
Your spell library contained the following spells:

 Spells                   Type           Power      Damage    Failure   Level
 Blink                    Tloc           14%        N/A       30%         2
 Gell's Gravitas          Tloc           7%         N/A       52%         3
 Lesser Beckoning         Tloc           7%         N/A       52%         3
 Teleport Other           Tloc           7%         N/A       52%         3
 Manifold Assault         Tloc           7%         N/A       99%         5

Inventory:

Hand Weapons
 e - a +0 whip
 Y - a +0 war axe (weapon)
Armour
 d - a +0 ring mail (worn)
 f - a +0 cloak
 h - a scarf of repulsion (worn)
Scrolls
 k - a scroll of identify
 l - a scroll of enchant armour
Potions
 a - a potion of haste
 g - a potion of curing {unknown}
 i - a potion of invisibility {unknown}

Dungeon Overview and Level Annotations

Branches:
Dungeon (3/15)

Altars:

Annotations:
D:3 Robin


Message History

You feel sick.
2747 ||| FLEEEEING.
You feel sick.
2748 ||| FLEEEEING.
You feel sick.
2749 ||| FLEEEEING.
You feel sick.
2750 ||| FLEEEEING.
You feel sick.
2751 ||| FLEEEEING.
Robin of the Strong Arm comes into view.
They are wielding a +0 spear.
You feel sick.
Robin shouts!
You feel sick.
You are no longer poisoned.
The goblin misses you.
You barely miss the goblin. You hit the hobgoblin.
The goblin completely misses you. The hobgoblin closely misses you.
You slash the hobgoblin!
You kill the hobgoblin!
You hit the goblin. The goblin hits you but does no damage.
You are lethally poisoned!
You closely miss the goblin. Your kick misses the goblin.
The goblin is heavily wounded.
You hit the goblin.
You kill the goblin!
You feel very sick. The goblin hits you but does no damage.
You slash the goblin!
You kill the goblin!
You hit the hobgoblin but do no damage.
You feel sick. The hobgoblin hits you.
A hobgoblin comes into view.
A goblin comes into view. It is wielding a +0 dagger.
The hobgoblin hits you.
You barely miss the hobgoblin.
The goblin shouts!
The hobgoblin shouts!
Your kick misses the hobgoblin.
You die...

###...# ##.....# #.>#...#
##.##.### ###..#..#
#......## ##.##.###
######## ##..##.#
####......# ###..###.#
#.@).#..#.# #...##
#.######.#g..#...#
..######.##.......#.?#..#
...................#..#.#
########.##)..>.....#...#
# #.##.......#..#..#
#.##.####...#g.#.# #
#####.##.# ##.g.#...#
####........# #.#..#..#


You could see 2 hobgoblins and a goblin.

Vanquished Creatures
  An iguana (D:3)
  3 adders
  A white imp (D:3)
  2 worms
  A dart slug (D:2)
  3 endoplasms (D:1)
  3 giant cockroaches
  5 goblins
  7 hobgoblins
  2 jackals (D:2)
  7 kobolds
  A quokka (D:1)
  7 ball pythons
  7 bats
  4 frilled lizards
  4 rats
58 creatures vanquished.

Notes
Turn   | Place    | Note
-------+----------+-------------------------------------------
     0 | D:1      | qw the Tengu Warper began the quest for the Orb.
     0 | D:1      | Reached XP level 1. HP: 12/12 MP: 4/4
     0 | D:1      | 0 ||| qw: Version: 0.1-a-89-g26bdef1
     0 | D:1      | 0 ||| qw: Game counter: 673
     0 | D:1      | 0 ||| qw: Always use a shield: true
     0 | D:1      | 0 ||| qw: God list: Okawaru
     0 | D:1      | 0 ||| qw: Allow faded altars: false
     0 | D:1      | 0 ||| qw: Do Orc after D:15 true
     0 | D:1      | 0 ||| qw: Do second Lair branch before Depths: true
     0 | D:1      | 0 ||| qw: Lair rune preference: random
     0 | D:1      | 0 ||| qw: Plans: Normal
     0 | D:1      | 0 ||| PLANNING D:1-11
    15 | D:1      | 15 ||| Stepping ~*~*~tactically~*~*~ (stealth).
    17 | D:1      | 17 ||| Stepping ~*~*~tactically~*~*~ (stealth).
    80 | D:1      | Reached XP level 2. HP: 17/17 MP: 6/6
    87 | D:1      | Reached skill level 3 in Axes
   891 | D:1      | 891 ||| UPGRADING to +0 cloak.
   896 | D:1      | 896 ||| READING scroll labelled PEJEAH OCREST.
   901 | D:1      | 901 ||| READING scroll labelled LEIRUC HAIQ.
   902 | D:1      | 902 ||| DROPPING scroll of blinking.
   918 | D:2      | Reached XP level 3. HP: 21/21 MP: 7/7
   990 | D:2      | Reached skill level 4 in Axes
  1430 | D:2      | Reached XP level 4. HP: 26/26 MP: 8/8
  1648 | D:2      | 1648 ||| Stepping ~*~*~tactically~*~*~ (hiding).
  1750 | D:2      | 1750 ||| Stepping ~*~*~tactically~*~*~ (hiding).
  1752 | D:2      | 1752 ||| Stepping ~*~*~tactically~*~*~ (hiding).
  1891 | D:2      | Found a faded altar of an unknown god.
  1915 | D:2      | 1915 ||| UPGRADING to +0 ring mail.
  1925 | D:2      | 1925 ||| DROPPING +0 leather armour.
  1926 | D:2      | 1926 ||| UPGRADING to scarf of repulsion.
  1936 | D:2      | 1936 ||| READING scroll labelled LONELILUTY.
  1937 | D:2      | 1937 ||| READING scroll labelled UCUTA BI CAMP.
  2003 | D:3      | 2003 ||| Stepping ~*~*~tactically~*~*~ (stealth).
  2121 | D:3      | Reached skill level 5 in Axes
  2196 | D:3      | 2196 ||| Stepping ~*~*~tactically~*~*~ (stealth).
  2203 | D:3      | 2203 ||| FLEEEEING.
  2205 | D:3      | 2205 ||| FLEEEEING.
  2207 | D:3      | 2207 ||| FLEEEEING.
  2208 | D:3      | 2208 ||| FLEEEEING.
  2209 | D:3      | 2209 ||| FLEEEEING.
  2210 | D:3      | 2210 ||| FLEEEEING.
  2211 | D:3      | 2211 ||| FLEEEEING.
  2212 | D:3      | 2212 ||| FLEEEEING.
  2214 | D:3      | 2214 ||| FLEEEEING.
  2215 | D:3      | 2215 ||| FLEEEEING.
  2216 | D:3      | 2216 ||| FLEEEEING.
  2217 | D:3      | 2217 ||| FLEEEEING.
  2220 | D:3      | HP: 6/26 [iguana (7)]
  2224 | D:3      | HP: 2/26 [iguana (2)]
  2682 | D:3      | 2682 ||| SWAPPING to +0 war axe.
  2689 | D:3      | Gained mutation: Your magical nature lets you fly swiftly
                  | and evasively. [Tengu growth]
  2689 | D:3      | Reached XP level 5. HP: 27/30 MP: 9/9
  2715 | D:3      | 2715 ||| DROPPING +0 hand axe.
  2736 | D:3      | 2736 ||| READING 2 scrolls labelled CUUVUSS EGRE.
  2737 | D:3      | 2737 ||| READING 3 scrolls labelled BUEPUCAWK KAUSM.
  2738 | D:3      | 2738 ||| READING 3 scrolls of identify.
  2738 | D:3      | 2738 ||| IDENTIFYING orange potion
  2739 | D:3      | 2739 ||| READING 2 scrolls of identify.
  2739 | D:3      | 2739 ||| IDENTIFYING grey potion
  2740 | D:3      | 2740 ||| DROPPING potion of ambrosia.
  2741 | D:3      | 2741 ||| DROPPING 2 scrolls of poison.
  2742 | D:3      | 2742 ||| Stepping randomly (stuck).
  2743 | D:3      | 2743 ||| Stepping ~*~*~tactically~*~*~ (cloud).
  2747 | D:3      | 2747 ||| FLEEEEING.
  2748 | D:3      | 2748 ||| FLEEEEING.
  2749 | D:3      | 2749 ||| FLEEEEING.
  2750 | D:3      | 2750 ||| FLEEEEING.
  2751 | D:3      | 2751 ||| FLEEEEING.
  2751 | D:3      | Noticed Robin
  2755 | D:3      | HP: 6/30 [poisoned by a goblin]
  2756 | D:3      | HP: 1/30 [hobgoblin[Robin] (2)]
  2757 | D:3      | Succumbed to a goblin's poison

Levels and vault maps discovered:
D:1:      dpeg_arrival_round_c, layout_basic
D:2:      layout_basic, basic_ecumenical_altar
D:3:      layout_rooms, st_stairs_10, minmay_misc_feat_diagonals, uniq_robin

Skill      XL: |  1  2  3  4 |
---------------+-------------+-----
Axes           | 3 4 5 |  5.6
Fighting       | |  2.0
Throwing       | |  1.0
Armour         | |  1.1
Dodging        | |  2.1
Spellcasting   | |  2.0
Translocations | |  2.4

Action                   |  1- 3 |  4- 6 || total
-------------------------+-------+-------++-------
Melee: Hand axe          |    63 |    63 ||   126
       Kick              |    16 |    22 ||    38
       Peck              |     8 |    13 ||    21
       War axe           |       |    15 ||    15
Throw: Boomerang         |     7 |       ||     7
  Use: Scroll            |     2 |     6 ||     8
Armor: Leather armour    |    17 |    12 ||    29
       Ring mail         |       |    14 ||    14
Dodge: Dodged            |    34 |    49 ||    83
       Repelled          |       |     1 ||     1

Table legend:
 A = Non-vault XP
 B = Vault XP
 C = Vault XP percentage of total XP
 D = Non-vault monster count
 E = Vault monster count
 F = Vault count percentage of total count
                 A         B        C        D         E       F
            +---------+---------+-------+---------+---------+-------
      Total |     126 |      54 |  30.0 |      53 |       5 |   8.6
            +---------+---------+-------+---------+---------+-------
        D:1 |      33 |       0 |   0.0 |      21 |       0 |   0.0
        D:2 |      61 |       0 |   0.0 |      19 |       0 |   0.0
        D:3 |      32 |      54 |  62.8 |      13 |       5 |  27.8
            +---------+---------+-------+---------+---------+-------
